 Dungeon Crawl Stone Soup version 0.21.1-1-g345015f (webtiles) character file.

28 letownia3 the Magician (level 3, 19/24 HPs)
             Began as a Demonspawn Wizard on Feb 6, 2018.
             Quit the game on level 1 of the Dungeon.
             The game lasted 00:01:27 (1162 turns).

letownia3 the Magician (Demonspawn Wizard)          Turns: 1162, Time: 00:01:28

Health: 19/24      AC:  2    Str:  8    XL:     3   Next: 0%
Magic:  2/7        EV: 12    Int: 19    God:
Gold:   9          SH:  0    Dex: 11    Spells: 7/8 levels left

rFire    . . .     SeeInvis .   i - +0 dagger
rCold    . . .     Gourm    +   (no shield)
rNeg     . . .     Faith    .   a - +0 robe
rPois    .         Spirit   .   b - +0 hat
rElec    .         Reflect  .   (no cloak)
rCorr    .         Harm     .   (no gloves)
MR       +....                  (no boots)
Stlth    ++........             j - amulet of the gourmand
HPRegen  0.08/turn              k - ring of protection from magic
MPRegen  0.10/turn              (no ring)

@: no status effects
A: talons 1, powered by pain 1
a: no special abilities


You were on level 1 of the Dungeon.
You were full.

You visited 1 branch of the dungeon, and saw 2 of its levels.

You collected 9 gold pieces.

Inventory:

Hand Weapons
 i - a +0 dagger (weapon)
Armour
 a - a +0 robe (worn)
 b - a +0 hat (worn)
Jewellery
 j - an amulet of the gourmand (around neck)
 k - a ring of protection from magic (left hand)
Scrolls
 e - a scroll of immolation {unknown}
 g - a scroll of enchant armour {unknown}
Potions
 f - a potion of might {unknown}
 h - a potion of lignification {unknown}
Books
 c - a book of Minor Magic

   Spells                             Type                      Level
   a - Magic Dart                     Conjuration                  1
   b - Blink                          Translocation                2
   c - Call Imp                       Summoning                    2
   d - Slow                           Hexes                        2
   e - Conjure Flame                  Conjuration/Fire             3
   f - Mephitic Cloud                 Conjuration/Poison/Air       3
Comestibles
 d - 2 rations


   Skills:
 - Level 1.7 Dodging
 - Level 1.7 Stealth
 - Level 3.0 Spellcasting
 + Level 3.0 Conjurations
   Level 1.0 Summonings
   Level 0.8 Translocations


You had 7 spell levels left.
You knew the following spells:

 Your Spells              Type           Power        Failure   Level  Hunger
a - Magic Dart            Conj           ##..         4%          1    None


Dungeon Overview and Level Annotations

Branches:
Dungeon (2/15)

Altars:


Innate Abilities, Weirdness & Mutations

You have sharp toenails.
You sometimes gain a little power by taking damage.


Message History

Confirm with . or Enter, or press ? or * to list all spells.
Aiming: Magic Dart
Press: ? - help, Shift-Dir - straight line, f/p - dart slug
Aim: a dart slug (heavily wounded, clinging)
The magic dart hits the dart slug.
The dart slug is almost dead.
Casting: Magic Dart
Confirm with . or Enter, or press ? or * to list all spells.
Aiming: Magic Dart
Press: ? - help, Shift-Dir - straight line, f/p - dart slug
Aim: a dart slug (almost dead, clinging)
The magic dart hits the dart slug.
You kill the dart slug!
Your Conjurations skill increases to level 3!
You have reached level 3!
Your experience leads to an increase in your attributes!
Increase (S)trength, (I)ntelligence, or (D)exterity?
You feel stronger.
Your demonic ancestry asserts itself...
Your toenails lengthen and sharpen.
Are you sure you want to abandon this character and quit the game? (Confirm with "yes".)

###########
..........#
#########.###########
#...............#
#...#.#########.#
#.######.#.#
#######.#
..(>...@.#.#
#.รท.....#
#+########.#
#.####### #.# #.# #.#
#.# # #.# #.# #. ..#
#.# #.. ########.#
#.#+###.....##.#
#.....#.#......#


There were no monsters in sight!

Vanquished Creatures
  An ooze (D:1)
  3 dart slugs (D:1)
  A giant cockroach (D:1)
  2 goblins (D:1)
  A hobgoblin (D:1)
  3 jackals (D:1)
  2 kobolds (D:1)
  2 bats (D:1)
  2 frilled lizards
17 creatures vanquished.

Notes
Turn   | Place    | Note
-------+----------+-------------------------------------------
     0 | D:1      | letownia3 the Demonspawn Wizard began the quest for the Orb.
     0 | D:1      | Reached XP level 1. HP: 13/13 MP: 4/4
   547 | D:1      | Gained mutation: You sometimes gain a little power by taking damage. [demonic ancestry]
   547 | D:1      | Reached XP level 2. HP: 19/19 MP: 4/6
   795 | D:2      | Noticed an ogre
  1160 | D:1      | Gained mutation: You have sharp toenails. [demonic ancestry]
  1160 | D:1      | Reached XP level 3. HP: 18/24 MP: 2/7
  1162 | D:1      | Quit the game

Skill      XL: |  1  2 |
---------------+-------+-----
Conjurations   | 2 3 |  3.0
Dodging        | |  1.7
Stealth        | |  1.7
Spellcasting   | |  3.0
Summonings     | |  1.0
Translocations | |  0.8

Action                   || total
-------------------------++-------
Melee: Unarmed           ||     8
       Dagger            ||    20
 Cast: Magic Dart        ||    44
  Eat: Chunk             ||     6
Armor: Robe              ||     5
Dodge: Dodged            ||    19
